 Dungeon Crawl Stone Soup version 0.22.0-38-g04b72b8 (webtiles) character file.

2314 torrenera the Grappler (level 9, -1/75 HPs)
             Began as a Troll Transmuter on Aug 31, 2018.
             Was a Priest of Jiyva.
             Slain by an iguana (10 damage)
             ... on level 7 of the Dungeon.
             The game lasted 00:10:29 (5322 turns).

torrenera the Grappler (Troll Transmuter)           Turns: 5322, Time: 00:10:30

Health: -1/75      AC:  5    Str: 19    XL:     9   Next: 18%
Magic:  9/9        EV: 10    Int: 11    God:    Jiyva [***...]
Gold:   365        SH:  0    Dex: 12    Spells: 4/10 levels left

rFire    + . .     SeeInvis .     - Unarmed
rCold    . . .     Gourm    +   (no shield)
rNeg     . . .     Faith    .   b - +0 robe
rPois    .         Spirit   .   m - +0 hat
rElec    .         Reflect  .   w - scarf {cloud immunity}
rCorr    +         Harm     .   (gloves unavailable)
MR       .....                  (boots unavailable)
Stlth    +.........             (no amulet)
HPRegen  0.62/turn              (no ring)
MPRegen  0.11/turn              (no ring)

@: no status effects
A: large, unfitting armour, claws 3, fire resistance 1, fast metabolism 3,
gourmand, regeneration 1, shaggy fur 1, tough skin 2
a: Request Jelly, Renounce Religion


You were on level 7 of the Dungeon.
You worshipped Jiyva.
Jiyva was most pleased with you.
You were very full.

You visited 2 branches of the dungeon, and saw 8 of its levels.

You collected 365 gold pieces.

Inventory:

Missiles
 a - 95 arrows
 l - 154 stones (quivered)
Armour
 b - a +0 robe (worn)
 m - a +0 hat (worn)
 w - a scarf of cloud immunity (worn)
Jewellery
 i - a cursed -3 ring of strength {unknown}
 j - a cursed amulet of inaccuracy {unknown}
 k - an uncursed ring of ice {unknown}
 u - an uncursed ring of ice {unknown}
 x - an uncursed ring of ice {unknown}
 y - a +2 amulet of reflection {unknown}
 z - an uncursed ring of protection from magic {unknown}
Wands
 v - a wand of flame (18)
 D - a wand of iceblast (6)
Scrolls
 c - a scroll of fear {unknown}
 f - 11 scrolls of remove curse {unknown}
 g - a scroll of noise {unknown}
 h - a scroll of random uselessness {unknown}
 n - 3 scrolls of blinking {unknown}
 o - 2 scrolls of immolation {unknown}
 p - 8 scrolls of identify {unknown}
 q - 3 scrolls of magic mapping {unknown}
 s - a scroll of teleportation {unknown}
 t - a scroll of enchant armour {unknown}
Potions
 e - 2 potions of mutation {unknown}
 r - a potion of resistance {unknown}
 A - a potion of brilliance {unknown}
 B - a potion of lignification {unknown}
 C - 2 potions of agility {unknown}
Comestibles
 d - 10 rations


   Skills:
 - Level 0.7 Fighting
 - Level 1.5 Dodging
 - Level 9.0 Unarmed Combat
 - Level 1.2 Spellcasting
 + Level 7.0 Transmutations


You had 4 spell levels left.
You knew the following spells:

 Your Spells              Type           Power        Failure   Level  Hunger
a - Beastly Appendage     Tmut           ###...       1%          1    ##.....
b - Sticks to Snakes      Tmut           ###.....     2%          2    ###....
c - Spider Form           Tmut/Pois      #.........   22%         3    ####...

Your spell library contained the following spells:

 Spells                   Type           Power        Failure   Level  Hunger
 Animate Skeleton         Necr           N/A          32%         1    ##.....
 Pain                     Necr           #...         32%         1    ##.....
 Ice Form                 Ice/Tmut       #.......     58%         4    #####..
 Regeneration             Chrm/Necr      #.........   67%         3    ####...
 Vampiric Draining        Necr           #.........   67%         3    ####...
 Animate Dead             Necr           N/A          97%         4    #####..
 Blade Hands              Tmut           ###.......   43%         5    ######.


Dungeon Overview and Level Annotations

Branches:
Dungeon (7/15)             Temple (1/1) D:4

Altars:
Ashenzari
Cheibriados
Elyvilon
Fedhas
Gozag
Hepliaklqana
Makhleb
Nemelex Xobeh
Qazlal
Ru
Trog
Uskayaw
Vehumet
Wu Jian
Yredelemnul
Zin
The Shining One
Jiyva


Innate Abilities, Weirdness & Mutations

You are too large for most types of armour.
You have claws for hands.
Your metabolism is lightning-fast.
You like to eat raw meat.
Your natural rate of healing is unusually fast.
You are covered in fur. (AC +1)
You have very tough skin. (AC +2)
Your flesh is heat resistant. (rF+)


Message History

The ogre shouts!
Found 17 sling bullets and a scroll labeled AZOASS OGEOCE.
The iguana bites you but does no damage.
The iguana bites you!
You scratch the iguana.
The iguana is lightly wounded.
The iguana bites you.
You closely miss the iguana.
The iguana is lightly wounded.
The ogre hits you with a giant spiked club!
You barely miss the ogre. The iguana bites you.
You completely miss the ogre.
The ogre hits you with a giant spiked club!!
* * * LOW HITPOINT WARNING * * *
The iguana bites you!
* * * LOW HITPOINT WARNING * * *
The iguana bites you.
* * * LOW HITPOINT WARNING * * *
The iguana bites you!
You die...

##.....#. #........
#........ #......##
#...########......##
#...#≈≈≈≈≈##........
#...#≈...≈#.........
#...'.._..'.#.....##
##†##≈.§.§###.....##
#...#§≈§§§#.........
#..@#########.......
##..l.#######.......
#.O..............##
#..........##.....##
#..........####+####
##....##.... #
.....# .... #
#(..?.. ... ##......
.


You could see an ogre and an iguana.

Vanquished Creatures
  A troll (D:7)
  Sigmund (D:4)
  A water moccasin (D:5)
  2 orc warriors (D:6)
  A sky beast (D:5)
  2 ice beasts
  3 ogres
  A phantom (D:5)
  A centaur (D:5)
  3 bullfrogs
  A scorpion (D:4)
  A howler monkey (D:7)
  3 crimson imps
  A quasit (D:6)
  3 orc priests
  A centaur skeleton (D:5)
  2 bullfrog skeletons
  2 iguanas
  4 orc wizards
  3 worker ants
  2 hound skeletons
  2 adders
  2 shadow imps
  3 oozes
  An adder zombie (D:4)
  4 worms
  A dart slug (D:5)
  3 leopard geckos
  27 orcs
  7 bats
  2 giant cockroaches
  5 hobgoblins
  8 jackals
  3 quokkas
  3 ball pythons
  6 frilled lizards
  A giant cockroach zombie (D:5)
  7 goblins
  A jackal skeleton (D:4)
  5 kobolds
  A quokka skeleton (D:5)
  9 rats
140 creatures vanquished.

Vanquished Creatures (others)
  An ogre (D:5)
  3 jellies
  An iguana (D:4)
  2 worker ants (D:5)
  A hound skeleton (D:4)
  An adder (D:5)
  A leopard gecko (D:6)
  2 orcs
  A giant cockroach (D:5)
  2 jackals (D:5)
  A quokka (D:5)
  A leopard gecko zombie (D:5)
17 creatures vanquished.

Grand Total: 157 creatures vanquished

Notes
Turn   | Place    | Note
-------+----------+-------------------------------------------
     0 | D:1      | torrenera the Troll Transmuter began the quest for the Orb.
     0 | D:1      | Reached XP level 1. HP: 18/18 MP: 1/1
   153 | D:1      | Reached XP level 2. HP: 26/26 MP: 2/2
  1132 | D:2      | Reached skill level 4 in Unarmed Combat
  1154 | D:2      | Reached XP level 3. HP: 30/32 MP: 3/3
  1389 | D:2      | Found an ornate altar of the Wu Jian Council.
  1787 | D:3      | Found a hazy altar of Hepliaklqana.
  1818 | D:3      | Reached XP level 4. HP: 23/40 MP: 4/4
  1930 | D:3      | Reached skill level 5 in Unarmed Combat
  2506 | D:4      | Reached XP level 5. HP: 35/46 MP: 5/5
  2582 | D:4      | Reached skill level 6 in Unarmed Combat
  2611 | D:4      | Found a staircase to the Ecumenical Temple.
  2690 | Temple   | Entered the Ecumenical Temple
  2712 | Temple   | Became a worshipper of Jiyva Jiobarha the Shapeless
  3249 | D:5      | Entered Level 5 of the Dungeon
  3249 | D:5      | Found a glowing golden altar of the Shining One.
  3249 | D:5      | Noticed Sigmund
  3249 | D:5      | Noticed an ogre
  3260 | D:4      | Killed an ogre
  3260 | D:4      | Reached skill level 7 in Unarmed Combat
  3260 | D:4      | Reached XP level 6. HP: 54/54 MP: 6/6
  3277 | D:4      | Killed Sigmund
  3302 | D:5      | Reached skill level 8 in Unarmed Combat
  3302 | D:5      | Reached XP level 7. HP: 42/61 MP: 7/7
  3319 | D:4      | Reached * piety under Jiyva
  3678 | D:5      | Found a transporter.
  3689 | D:5      | Found a transporter.
  3709 | D:5      | Found a sacrificial altar of Ru.
  3709 | D:5      | Found a basalt altar of Yredelemnul.
  3709 | D:5      | Found a sparkling altar of Nemelex Xobeh.
  3786 | D:5      | Reached skill level 9 in Unarmed Combat
  3893 | D:5      | Found an opulent altar of Gozag.
  4030 | D:5      | Reached ** piety under Jiyva
  4357 | D:5      | Reached XP level 8. HP: 27/68 MP: 8/8
  4366 | D:5      | HP: 3/102 [bullfrog (5)]
  4516 | D:6      | Reached skill level 5 in Transmutations
  4542 | D:6      | Learned a level 2 spell: Sticks to Snakes
  4546 | D:6      | Learned a level 3 spell: Spider Form
  4747 | D:6      | Reached *** piety under Jiyva
  4747 | D:6      | Gained mutation: Your flesh is heat resistant. (rF+) [Jiyva's grace]
  5066 | D:7      | Found a blossoming altar of Fedhas.
  5066 | D:7      | Found a stormy altar of Qazlal.
  5093 | D:7      | Reached XP level 9. HP: 69/75 MP: 9/9
  5136 | D:7      | Noticed a troll
  5141 | D:7      | Killed a troll
  5248 | D:7      | Found a burning altar of Makhleb.
  5274 | D:7      | Found a bloodstained altar of Trog.
  5322 | D:7      | Slain by an iguana

Skill      XL: |  1  2  3  4  5  6  7  8  9 |
---------------+----------------------------+-----
Unarmed Combat | 4 5 7 8 9 |  9.0
Transmutations | 3 6 7 |  7.0
Fighting       | |  0.7
Dodging        | |  1.5
Spellcasting   | |  1.2

Action                   |  1- 3 |  4- 6 |  7- 9 || total
-------------------------+-------+-------+-------++-------
Melee: Unarmed           |   102 |    89 |   210 ||   401
       Punch             |     2 |     5 |     4 ||    11
Evoke: Wand              |       |       |     3 ||     3
  Use: Potion            |       |       |     6 ||     6
 Stab: Sleeping          |     2 |       |       ||     2
       Invisible         |       |       |     1 ||     1
  Eat: Chunk             |    21 |    14 |    16 ||    51
Armor: Robe              |    57 |    37 |    60 ||   154
Dodge: Dodged            |    77 |    58 |   105 ||   240
